 Dungeon Crawl Stone Soup version 0.30.0-29-ga12c61a403 (webtiles) character file.

Game seed: 13784902138212092704

278 cheesebisquit the Scholar of Death (level 6, -18/35 HPs)
             Began as a Deep Elf Necromancer on June 7, 2023.
             Was a Follower of Kikubaaqudgha.
             Demolished by an ogre
             ... wielding a +0 giant spiked club
              (35 damage)
             ... on level 5 of the Dungeon.
             The game lasted 00:13:12 (4231 turns).

cheesebisquit the Scholar of Death (DENe)           Turns: 4231, Time: 00:13:13

Health: -18/35     AC:  2    Str:  5    XL:     6   Next: 5%
Magic:  7/14       EV: 13    Int: 22    God:    Kikubaaqudgha [*.....]
Gold:   130        SH:  0    Dex: 15    Spells: 3/14 levels left

rFire   . . .        r - +2 dagger (venom)
rCold   . . .        (no shield)
rNeg    . . .        a - +0 robe
rPois   .            (no helmet)
rElec   .            (no cloak)
rCorr   .            (no gloves)
SInv    .            (no boots)
Will    .....        (no amulet)
Stlth   +++          f - ring of flight
HPRegen 0.25/turn    (no ring)
MPRegen 0.14/turn

%: no passive effects
@: flying
A: no striking features
a: Renounce Religion, Unearth Wretches


You were on level 5 of the Dungeon.
You worshipped Kikubaaqudgha.
Kikubaaqudgha was aware of your devotion.
You visited 1 branch of the dungeon, and saw 5 of its levels.

You collected 182 gold pieces.
You spent 52 gold pieces at shops.

Inventory:

Hand Weapons
 r - a +2 dagger of venom (weapon)
 u - the +2 dagger "Baklexiss" {heavy, rF++ rN++ Will-}
   (You found it on level 3 of the Dungeon)

   rF:        It greatly protects you from fire.
   rN:        It greatly protects you from negative energy.
   Will:      It decreases your willpower.
Missiles
 h - 7 boomerangs
 v - 8 poisoned darts
Armour
 a - a +0 robe (worn)
Jewellery
 f - a ring of flight (left hand)
 t - a +6 ring of intelligence
Scrolls
 c - 2 scrolls of brand weapon {unknown}
 d - 3 scrolls of enchant armour {unknown}
 e - 4 scrolls of identify {unknown}
 g - a scroll of noise {unknown}
 i - a scroll of immolation {unknown}
 k - 5 scrolls of silence {unknown}
 m - a scroll of poison {unknown}
 p - a scroll of teleportation {unknown}
 q - a scroll of enchant weapon {unknown}
 s - a scroll of blinking {unknown}
 w - a scroll of magic mapping {unknown}
Potions
 b - a potion of magic
 j - 2 potions of haste {unknown}
 l - 2 potions of mutation {unknown}
 n - 3 potions of curing
 o - a potion of degeneration
 x - a potion of lignification {unknown}


   Skills:
 + Level 1.9 Fighting
 + Level 4.0 Dodging
 + Level 4.2 Stealth
 + Level 4.6 Spellcasting
 + Level 0.2 Conjurations
 + Level 5.8 Necromancy


You had 3 spell levels left.
You knew the following spells:

 Your Spells              Type           Power      Damage    Failure   Level
a - Necrotise             Necr           100%       1d9       1%          1
b - Vampiric Draining     Necr           30%        2d8       2%          3
c - Animate Dead          Necr           30%        N/A       10%         4
d - Sublimation of Blood  Necr           30%        N/A       1%          2
e - Kiss of Death         Conj/Necr      72%        2d10      3%          1

Your spell library contained the following spells:

 Spells                   Type           Power      Damage    Failure   Level
 Sandblast                Erth           10%        2d5       11%         1
 Passwall                 Tmut/Erth      4%         N/A       16%         2
 Stone Arrow              Conj/Erth      10%        3d7       30%         3
 Volatile Blastmotes      Fire/Tloc      10%        2d10      32%         3
 Agony                    Necr           30%        N/A       26%         5
 Fulminant Prism          Conj/Hex       2%         3d5       69%         4
 Iskenderun's Mystic Bla  Conj/Tloc      5%         2d3       69%         4
 Lee's Rapid Deconstruct  Erth           2%         3d5*      96%         5


Dungeon Overview and Level Annotations

Branches:
Dungeon (5/15)
 Temple: D:4-7

Altars:
Kikubaaqudgha
Sif Muna
Trog

Shops:
D:2 !   D:3 (   D:4 (

Annotations:
D:3 3 runed translucent doors, seaoflcl's ghost, weakling MiFi
D:4 Grinder


Message History

You see here a +0 dagger.
An adder comes into view.
The adder hisses angrily.
The adder writhes in agony!
The adder writhes in agony.
You kill the adder!
Kikubaaqudgha accepts your kill.
The dead are slithering!
Your kobold skeleton crumbles into dust!
Your adder skeleton crumbles into dust!
Found a mace.
Found a stone staircase leading down.
You see here a +0 mace.
You see here a +0 mace.
e - 4 scrolls labelled XAXECA RUKUTAR (gained 1) Partly explored, can't reach some places.
Partly explored, can't reach some places.
There is a stone staircase leading down here.
You fly downwards.
Found two leather armours.
There is a stone staircase leading up here.
An ogre comes into view. It is wielding a +0 giant spiked club.
The ogre barely resists.
The ogre writhes in agony.
The ogre barely resists.
The ogre writhes in agony!
The ogre writhes in agony.
The ogre barely misses you.
The ogre writhes in agony.
The ogre writhes in agony.
The ogre hits you with a +0 giant spiked club!!
Ouch! That really hurt!
You are too injured to fight recklessly!
Aiming: Necrotise (safe; 1% risk of failure)
Press: ? - help, Q - select action, (/) - cycle Shift-Dir - straight line, f/p - ogre
Aim: an ogre, wielding a +0 giant spiked club (severely wounded, chance to affect: 83%)
The ogre writhes in agony.
The ogre hits you with a +0 giant spiked club!!
Ouch! That really hurt!
You die...
Kikubaaqudgha rasps: "You have failed me!
Welcome... death!"

##.. ...#
#..# #..#
#..# #..#
#.O#
#.@#####.#
#[..<[...#
##.#####.#
#.# #.#
#.. ##. #


You could see an ogre.

Vanquished Creatures
  An orc priest (D:4)
  3 orc wizards
  5 adders
  An ufetubus (D:4)
  A worm (D:2)
  3 dart slugs
  13 orcs
  11 endoplasms
  A giant cockroach (D:1)
  5 goblins
  5 hobgoblins
  2 jackals (D:2)
  8 kobolds
  6 quokkas
  14 ball pythons
  5 bats
  5 frilled lizards
  5 rats (D:1)
94 creatures vanquished.

Vanquished Creatures (collateral kills)
  An orc (D:4)
  2 endoplasms (D:1)
  A goblin (D:2)
  A jackal (D:2)
  A frilled lizard (D:2)
6 creatures vanquished.

Grand Total: 100 creatures vanquished

Notes
Turn   | Place    | Note
-------+----------+-------------------------------------------
     0 | D:1      | cheesebisquit the Deep Elf Necromancer began the quest for
                  | the Orb.
     0 | D:1      | Reached XP level 1. HP: 10/10 MP: 6/6
   112 | D:1      | Reached XP level 2. HP: 15/15 MP: 0/8
   122 | D:1      | Reached skill level 5 in Necromancy
   475 | D:1      | Reached XP level 3. HP: 20/20 MP: 5/9
  1236 | D:2      | Reached skill level 1 in Fighting
  1530 | D:2      | Learned a level 3 spell: Vampiric Draining
  1596 | D:2      | Reached XP level 4. HP: 25/25 MP: 8/11
  1626 | D:2      | Found Ephugux's Distillery.
  1688 | D:2      | Bought a potion of curing for 39 gold pieces
  1688 | D:2      | Bought a potion of degeneration for 13 gold pieces
  1697 | D:2      | Learned a level 4 spell: Animate Dead
  2000 | D:3      | Found Lusis's Weapon Boutique.
  2163 | D:3      | Found a shimmering blue altar of Sif Muna.
  2327 | D:3      | Found an ancient bone altar of Kikubaaqudgha.
  2328 | D:3      | Found a bloodstained altar of Trog.
  2330 | D:3      | Became a worshipper of Kikubaaqudgha
  2445 | D:3      | Reached XP level 5. HP: 29/29 MP: 6/13
  2501 | D:3      | Identified the +2 dagger "Baklexiss" {heavy, rF++ rN++
                  | Will-}
  2562 | D:3      | Found a faded altar of an unknown god.
  2779 | D:3      | Found a runed translucent gate.
  2780 | D:3      | Found a runed translucent gate.
  2781 | D:3      | Found a runed translucent gate.
  2782 | D:3      | Noticed seaoflcl's ghost (weakling MiFi)
  3420 | D:4      | Reached * piety under Kikubaaqudgha
  3420 | D:4      | Received a gift from Kikubaaqudgha
  3424 | D:4      | Learned a level 2 spell: Sublimation of Blood
  3426 | D:4      | Learned a level 1 spell: Kiss of Death
  3555 | D:4      | Found Xubekael's Antique Weapon Shop.
  3555 | D:4      | Noticed Grinder
  3627 | D:4      | Reached XP level 6. HP: 24/35 MP: 4/14
  4221 | D:5      | Entered Level 5 of the Dungeon
  4231 | D:5      | Demolished by an ogre

Illustrated notes

Levels and vault maps discovered:
D:1:      dpeg_arrival_orchard, layout_basic
D:2:      layout_loops_cross, serial_shops, shop
D:3:      layout_rooms, mainiacjoe_overflow_boulevard, nicolae_overflow_squiral,
          serial_shops, shop, ebering_ghost_rock_garden,
          nicolae_ecumenical_snake_handling, minmay_misc_feat_enclosed,
          st_stairs_4
D:4:      layout_basic, serial_shops, nicolae_shop_stone, grunt_ministairs_5,
          st_stairs_1, minmay_misc_feat_more_columns, uniq_grinder
D:5:      layout_loops_ring, gammafunk_temple_overflow_wave,
          minmay_temple_entry_statues_pillars, uniq_crazy_yiuf_cottage

Skill      XL: |  1  2  3  4  5 |
---------------+----------------+-----
Necromancy     | 5 |  5.8
Stealth        | 3 4 |  4.2
Dodging        | 3 4 |  4.0
Fighting       | 1 |  1.9
Spellcasting   | 4 |  4.6
Conjurations   | |  0.2

Action                     |  1- 3 |  4- 6 || total
---------------------------+-------+-------++-------
  Melee: Unarmed           |     7 |       ||     7
         Dagger            |       |     8 ||     8
   Cast: Necrotise         |    86 |    97 ||   183
    Use: Potion            |       |     2 ||     2
   Stab: Distracted        |     1 |       ||     1
 Armour: Robe              |     3 |    11 ||    14
  Dodge: Dodged            |    12 |    52 ||    64
